Match 45644502
Unlisted

Match 45644502
End
Scout Squad
Construct Barracks
Selects Advanced Infantry Battlegroup
Riflemen Squad
Riflemen Squad
Grenade Package
Construct Weapon Support Center
Selects Artillery Observers
Bazooka Squad
Infantry Support Center
Engineer Squad
Construct Motor Pool
M8 Greyhound Armored Car
Selects Convert to Ranger Squad
Construct Medical Station
Convert to Ranger Squad
Selects Frontline Medical Station
Frontline Medical Station
Convert to Ranger Squad
M1 Anti-tank Gun Team
Selects Ranger Weapon Training
Construct Tank Depot
Improved M9 Bazooka Rockets
Selects M2A1 105mm Howitzer Emplacement
Selects Free Fire Drills
M4(105) Sherman Bulldozer
Engineer Squad
M4(105) Sherman Bulldozer
Advanced Logistics
Kcodarc
A-Kai
라쿤킹
MadMouse
Honey
Laa-Laa
El Macho
Zebra
0
0

Comments sign in to comment!

No comments posted yet!